 Dungeon Crawl Stone Soup version 0.32-a0-132-g2d33c3cfaf (webtiles) character file.

Game seed: 4235308238702089008

130 Dittersdorf the Shield-Bearer (level 5, -2/33 HPs)
             Began as a Gargoyle Fighter on Feb 9, 2024.
             Killed from afar by an orc wizard (5 damage)
             ... with a puff of flame
             ... on level 3 of the Dungeon.
             The game lasted 00:02:15 (1918 turns).

Dittersdorf the Shield-Bearer (Gargoyle Fighter)    Turns: 1918, Time: 00:02:15

Health: -2/33      AC: 13    Str: 21    XL:     5   Next: 14%
Magic:  5/5        EV:  9    Int:  9    God:
Gold:   218        SH:  4    Dex:  9    Spells: 4/4 levels left

rFire   + . .        a - +0 flail
rCold   . . .        c - +0 buckler
rNeg    + . .        b - +0 scale mail
rPois   ∞            (no helmet)
rElec   +            (no cloak)
rCorr   .            n - +0 pair of gloves
SInv    .            h - +0 pair of boots
Will    .....        (no amulet) Stlth
                     t - ring of protection from fire
HPRegen 0.25/turn    (no ring)
MPRegen 0.09/turn

%: no passive effects
@: no status effects
A: sickness immunity, AC +4, negative energy resistance 1, electricity
resistance, torment resistance 1, petrification resistance
a: no special abilities


You were on level 3 of the Dungeon.
You visited 1 branch of the dungeon, and saw 3 of its levels.

You collected 218 gold pieces.

Inventory:

Hand Weapons
 a - a +0 flail (weapon)
Armour
 b - a +0 scale mail (worn)
 c - a +0 buckler (worn)
 h - a +0 pair of boots (worn)
 n - a +0 pair of gloves (worn)
Jewellery
 t - a ring of protection from fire (left hand)
Wands
 r - a wand of digging (6)
Scrolls
 e - a scroll of noise {unknown}
 g - 2 scrolls of amnesia {unknown}
 i - 4 scrolls of silence {unknown}
 j - a scroll of fog {unknown}
 k - 3 scrolls of identify {unknown}
 m - 2 scrolls of revelation {unknown}
 o - 2 scrolls of immolation {unknown}
 p - a scroll of butterflies {unknown}
Potions
 d - a potion of might
 f - a potion of heal wounds {unknown}
 l - a potion of invisibility {unknown}
 q - a potion of ambrosia {unknown}
 s - a potion of attraction {unknown}
 u - a potion of curing {unknown}


   Skills:
 + Level 4.2 Fighting
 + Level 3.0 Maces & Flails
 + Level 4.2 Armour
 + Level 4.2 Shields


You had 4 spell levels left.
You didn't know any spells.
Your spell library was empty.

Dungeon Overview and Level Annotations

Branches:
Dungeon (3/15)

Altars:


Innate Abilities, Weirdness & Mutations

You are immune to sickness and miasma.
Your stone body is resilient. (AC +4)
You are immune to poison.
You resist negative energy. (rN+)
You are resistant to electric shocks. (rElec)
You are resistant to unholy torment.
You are immune to petrification.


Message History

You barely miss something. The orc hits you but does no damage.
Something hits you.
You completely miss something. The orc hits you with a +0 club.
* * * LOW HITPOINT WARNING * * *
Something hits you but does no damage.
You sock something! The orc barely misses you.
Something hits you but does no damage. The orc hits you with a +0 club.
* * * LOW HITPOINT WARNING * * *
Something hits you but does no damage.
You closely miss something. The orc misses you.
You hear some strange, mumbled words.
A puff of flame appears from out of thin air!
The puff of flame hits you. You resist.
* * * LOW HITPOINT WARNING * * *
You closely miss something. The orc hits you but does no damage.
You hear some strange, mumbled words.
Something tries to affect you, but you resist.
You closely miss something. The orc barely misses you.
Something hits you but does no damage.
You hit something but do no damage. The orc hits you but does no damage.
Something hits you but does no damage. The orc hits you with a +0 club.
* * * LOW HITPOINT WARNING * * *
You hear some strange, mumbled words.
Something tries to affect you, but you resist.
You barely miss something. The orc closely misses you.
You hear some strange, mumbled words.
A magic dart appears from out of thin air!
The magic dart hits you but does no damage.
You closely miss something. The orc hits you but does no damage.
Something hits you.
* * * LOW HITPOINT WARNING * * *
You barely miss something. The orc barely misses you.
You hear some strange, mumbled words.
A puff of flame appears from out of thin air!
The puff of flame hits you but does no damage.
The orc barely misses you.
You hear some strange, mumbled words.
A puff of flame appears from out of thin air!
The puff of flame hits you. You resist.
You die...

######..# ### ##.## ..#
##..##### #.####.......#
.............### #######
....#........'.## .......
.............#..# .......
...#.........##o###.......
.............##.@{........
..#..........#####........
.......####### #........
##...### ###### ###+##...
.....#####....# ..
..#...<.......# #
.......#...##.######
...#...#...##......#
............†..#.###


You could see an orc.

Vanquished Creatures
  3 adders
  3 gnolls (D:3)
  A dart slug (D:3)
  A ribbon worm (D:2)
  An orc (D:3)
  6 bats
  5 endoplasms
  3 giant cockroaches
  5 goblins
  7 hobgoblins
  4 quokkas
  6 ball pythons
  7 frilled lizards
  9 kobolds
  9 rats
70 creatures vanquished.

Notes
Turn   | Place    | Note
-------+----------+-------------------------------------------
     0 | D:1      | Dittersdorf the Gargoyle Fighter began the quest for the
                  | Orb.
     0 | D:1      | Reached XP level 1. HP: 14/14 MP: 1/1
    85 | D:1      | Reached XP level 2. HP: 4/19 MP: 2/2
   421 | D:1      | Reached XP level 3. HP: 23/23 MP: 3/3
   523 | D:1      | Found a faded altar of an unknown god.
   768 | D:2      | Identified the +2 trident of True Grit {flame, ^Fragile
                  | Will++ SInv Stlth+}
  1011 | D:2      | Reached XP level 4. HP: 29/29 MP: 4/4
  1827 | D:3      | Reached XP level 5. HP: 33/33 MP: 5/5
  1839 | D:3      | Identified the orb "Lim Vyoteam" {*channel, rF- rC+++ rCorr
                  | Slay-4}
  1918 | D:3      | Killed from afar by an orc wizard

Illustrated notes

Levels and vault maps discovered:
D:1:      dpeg_arrival_three_bigger_balls, layout_rooms, basic_ecumenical_altar,
          serial_bayou_lagoon_a, serial_bayou_ford_a, minmay_splitting_lines,
          minmay_heptomino_w4
D:2:      layout_basic, serial_forest, infiniplex_forest_lined_corner,
          infiniplex_forest_diagonal, infiniplex_forest_clump_curved,
          infiniplex_forest_lined_2, infiniplex_forest_lined_corner,
          infiniplex_forest_straight_1, infiniplex_forest_clump_medium,
          infiniplex_forest_join, minmay_fractal_squares_gapless_5
D:3:      layout_basic, marbit_many_paths, grunt_ministairs_9,
          minmay_misc_feat_more_columns, uniq_terence

Skill      XL: |  1  2  3  4  5 |
---------------+----------------+-----
Armour         | 4 |  4.2
Shields        | 4 |  4.2
Fighting       | 4 |  4.2
Maces & Flails | 3 |  3.0

Action                     |  1- 3 |  4- 6 || total
---------------------------+-------+-------++-------
  Melee: Flail             |   177 |    87 ||   264
 Armour: Scale mail        |   119 |   100 ||   219
  Dodge: Dodged            |    87 |    50 ||   137
  Block: Buckler           |    48 |    23 ||    71

Table legend: (Time is in decaauts)
 A = Elapsed time spent in this place.
 B = Non-inter-level travel time spent in this place.
 C = Inter-level travel time spent in this place.
 D = Time resting spent in this place.
 E = Time spent auto-exploring this place.
 F = Levels seen in this place.
 G = Mean time per level.
                   A        B        C        D        E       F      G
               +--------+--------+--------+--------+--------+-----+--------+
         Total |   2015 |   1943 |     72 |      2 |   1357 |   3 |  671.7 |
       Dungeon |   2015 |   1943 |     72 |      2 |   1357 |   3 |  671.7 |
               +--------+--------+--------+--------+--------+-----+--------+

Top non-repeatable levels by time:
     D:2: 868 daAuts
     D:1: 781 daAuts
     D:3: 365 daAuts
